 Dungeon Crawl Stone Soup version 0.24.1 (console) character file.

Game seed: 12844580044287547868, levelgen mode: deterministic

60 Kagalorn the Cudgeler (level 4, -2/41 HPs)
             Began as a Gnoll Chaos Knight on Apr 1, 2020.
             Was a Plaything of Xom.
             Slain by Terence
             ... wielding a +0 flail
              (8 damage)
             ... on level 2 of the Dungeon.
             The game lasted 00:03:47 (1056 turns).

Kagalorn the Cudgeler (Gnoll Chaos Knight)          Turns: 1056, Time: 00:03:48

Health: -2/41      AC:  5    Str: 14    XL:     4   Next: 4%
Magic:  1/1        EV: 13    Int: 15    God:    Xom [.....*]
Gold:   50         SH:  0    Dex: 15    Spells: 5/5 levels left

rFire    . . .     SeeInvis .   n - +1 long sword (antimagic)
rCold    . . .     Gourm    .   (no shield)
rNeg     . . .     Faith    .   b - +2 leather armour
rPois    .         Spirit   .   (no helmet)
rElec    .         Reflect  .   (no cloak)
rCorr    .         Harm     .   (no gloves)
MR       .....                  (no boots)
Stlth    ++........             (no amulet)
HPRegen  0.13/turn              (no ring)
MPRegen  0.07/turn              (no ring)

@: no status effects
A: distributed training, fangs 1, strong nose
a: Renounce Religion


You were on level 2 of the Dungeon.
You worshipped Xom.
You were Xom's teddy bear.
You were not hungry.

You visited 1 branch of the dungeon, and saw 2 of its levels.

You collected 50 gold pieces.

Inventory:

Hand Weapons
 a - a +0 short sword
 j - a +0 mace of chaos
 n - a +1 antimagic long sword (weapon)
Missiles
 f - 40 stones (quivered)
 i - 11 arrows
Armour
 b - a +2 leather armour (worn)
Jewellery
 h - an uncursed ring of protection from fire {unknown}
 k - a +3 ring of slaying {unknown}
Scrolls
 d - 2 scrolls of remove curse {unknown}
 l - a scroll of amnesia {unknown}
 m - a scroll of enchant weapon {unknown}
 o - a scroll of identify {unknown}
Potions
 e - a potion of curing {unknown}
 g - a potion of might {unknown}
Comestibles
 c - 4 rations


   Skills:
 + Level 6.5 Fighting
 + Level 1.0 Short Blades
 + Level 1.0 Long Blades
 + Level 1.0 Axes
 + Level 6.5 Maces & Flails
 + Level 1.0 Polearms
 + Level 1.0 Staves
 + Level 1.0 Slings
 + Level 1.0 Bows
 + Level 1.0 Crossbows
 + Level 1.0 Throwing
 + Level 4.6 Armour
 + Level 2.7 Dodging
 + Level 1.0 Stealth
 + Level 1.0 Shields
 + Level 1.0 Unarmed Combat
 + Level 1.0 Spellcasting
 + Level 0.7 Conjurations
 + Level 0.7 Hexes
 + Level 0.7 Charms
 + Level 0.7 Summonings
 + Level 0.7 Necromancy
 + Level 0.7 Translocations
 + Level 0.7 Transmutations
 + Level 0.7 Fire Magic
 + Level 0.7 Ice Magic
 + Level 0.7 Air Magic
 + Level 0.7 Earth Magic
 + Level 0.7 Poison Magic
 + Level 1.1 Invocations
 + Level 1.0 Evocations


You had 5 spell levels left.
You didn't know any spells.
Your spell library was empty.

Dungeon Overview and Level Annotations

Branches:
Dungeon (2/15)

Altars:

Annotations:
D:2 Terence


Innate Abilities, Weirdness & Mutations

Your experience applies equally to all skills.
You have very sharp teeth.
Your uncanny sense of smell can sniff out nearby items.


Message History

Terence is lightly wounded.
Terence splashes around in the water.
You hit Terence.
Terence is lightly wounded.
Terence hits you with a +0 flail!
* * * LOW HITPOINT WARNING * * *
You hit Terence.
Terence is moderately wounded.
Terence closely misses you.
You hit Terence but do no damage.
Terence is moderately wounded.
Terence hits you with a +0 flail.
* * * LOW HITPOINT WARNING * * *
You hit Terence but do no damage.
Terence is moderately wounded.
Terence hits you but does no damage.
You hit Terence.
Terence is moderately wounded.
Terence hits you with a +0 flail!
You die...

######## ##......##
#######....# ..#
#......P♣≈≈♣♣♣P♣###
#.@♣≈P♣♣≈♣≈♣≈≈≈♣♣≈♣
##♣@≈♣≈♣≈≈≈P≈≈≈≈P≈♣♣ #
##≈♣≈P≈≈PPP≈≈≈≈≈P≈P≈≈ #.
♣≈≈≈P≈≈≈P≈≈≈≈≈≈≈≈♣P≈≈
####.♣♣≈≈♣P≈≈≈≈≈≈≈≈≈≈≈≈≈≈♣≈
....≈≈P≈≈♣≈≈≈≈≈≈≈≈≈≈≈≈≈≈≈PP
....≈≈P♣≈≈P≈≈≈≈≈≈≈≈≈≈≈≈≈≈PP
...≈♣P≈†PP≈≈≈≈≈≈≈≈≈≈≈≈≈≈PP
..>..≈≈≈≈♣P≈≈≈≈≈≈≈≈≈≈≈≈≈≈≈≈


You could see Terence.

Vanquished Creatures
  2 adders (D:2)
  A dart slug (D:2)
  2 leopard geckos (D:1)
  4 bats
  2 giant cockroaches
  5 goblins
  6 hobgoblins
  A quokka (D:2)
  3 frilled lizards
  4 kobolds (D:1)
  7 rats
37 creatures vanquished.

Notes
Turn   | Place    | Note
-------+----------+-------------------------------------------
     0 | D:1      | Kagalorn the Gnoll Chaos Knight began the quest for the
                  | Orb.
     0 | D:1      | Reached XP level 1. HP: 23/23 MP: 1/1
    79 | D:1      | Reached XP level 2. HP: 16/29 MP: 2/2
   213 | D:1      | XOM: harmless Erth miscast
   224 | D:1      | XOM: confuse monster(s)
   449 | D:1      | XOM: enchant monster (good)
   456 | D:1      | Reached XP level 3. HP: 30/35 MP: 3/3
   576 | D:1      | XOM is BORED!
   576 | D:1      | XOM: mild Conj miscast
   684 | D:1      | XOM: god gift: scroll labeled OKLOBB DUUWUGI {god gift}
   873 | D:2      | Reached skill level 1 in Invocations
   887 | D:2      | XOM: god gift: glowing long sword {god gift}
   923 | D:2      | Reached skill level 1 in Short Blades
   923 | D:2      | Reached skill level 1 in Long Blades
   923 | D:2      | Reached skill level 1 in Axes
   923 | D:2      | Reached skill level 1 in Polearms
   923 | D:2      | Reached skill level 1 in Staves
   923 | D:2      | Reached skill level 1 in Slings
   923 | D:2      | Reached skill level 1 in Bows
   923 | D:2      | Reached skill level 1 in Crossbows
   923 | D:2      | Reached skill level 1 in Throwing
   923 | D:2      | Reached skill level 1 in Stealth
   923 | D:2      | Reached skill level 1 in Shields
   923 | D:2      | Reached skill level 1 in Unarmed Combat
   923 | D:2      | Reached skill level 1 in Spellcasting
   923 | D:2      | Reached skill level 1 in Evocations
   923 | D:2      | Reached XP level 4. HP: 13/41 MP: 1/5
  1031 | D:2      | Noticed Terence
  1033 | D:2      | XOM: enchant monster (good)
  1056 | D:2      | Slain by Terence

Levels and vault maps discovered:
D:1:      scummos_arrival_simple_crosswalls, layout_basic
D:2:      layout_basic, minmay_misc_feat_five, minmay_misc_feat_plants,
          serial_bayou_lake_a, uniq_robin, uniq_terence

Skill      XL: |  1  2  3 |
---------------+----------+-----
Invocations    | 1 |  1.1
Short Blades   | 1 |  1.0
Long Blades    | 1 |  1.0
Axes           | 1 |  1.0
Polearms       | 1 |  1.0
Staves         | 1 |  1.0
Slings         | 1 |  1.0
Bows           | 1 |  1.0
Crossbows      | 1 |  1.0
Throwing       | 1 |  1.0
Stealth        | 1 |  1.0
Shields        | 1 |  1.0
Unarmed Combat | 1 |  1.0
Spellcasting   | 1 |  1.0
Evocations     | 1 |  1.0
Fighting       | |  6.5
Maces & Flails | |  6.5
Armour         | |  4.6
Dodging        | |  2.7
Conjurations   | |  0.7
Hexes          | |  0.7
Charms         | |  0.7
Summonings     | |  0.7
Necromancy     | |  0.7
Translocations | |  0.7
Transmutations | |  0.7
Fire Magic     | |  0.7
Ice Magic      | |  0.7
Air Magic      | |  0.7
Earth Magic    | |  0.7
Poison Magic   | |  0.7

Action                   |  1- 3 |  4- 6 || total
-------------------------+-------+-------++-------
Melee: Mace              |    25 |       ||    25
       Bite              |    22 |     1 ||    23
       Unarmed           |    42 |       ||    42
       Short sword       |    79 |       ||    79
       Long sword        |     7 |    12 ||    19
  Use: Scroll            |     1 |       ||     1
 Stab: Confused          |     2 |       ||     2
       Petrified         |     2 |       ||     2
       Sleeping          |     1 |       ||     1
  Eat: Chunk             |       |     1 ||     1
Armor: Leather armour    |    57 |     2 ||    59
Dodge: Dodged            |    88 |     2 ||    90
       Rpst.: Long sword |     2 |       ||     2
